 Dungeon Crawl Stone Soup version 0.30-a0-43-gbbf338a72c (webtiles) character file.

Game seed: 4400569405388628794

81 porpoise the Gusty (level 4, -6/24 HPs)
             Began as a Tengu Air Elementalist on Sept 1, 2022.
             Killed from afar by Crazy Yiuf (8 damage)
             ... with a puff of flame
             ... on level 2 of the Dungeon.
             The game lasted 00:10:09 (2699 turns).

porpoise the Gusty (Tengu Air Elementalist)         Turns: 2699, Time: 00:10:10

Health: -6/24      AC:  2    Str:  8    XL:     4   Next: 40%
Magic:  5/8        EV: 12    Int: 17    God:
Gold:   63         SH:  0    Dex: 15    Spells: 2/7 levels left

rFire   . . .      SeeInvis .    a - +7 falchion of Dainn {protect, rPois}
rCold   . . .      Faith    .    (no shield)
rNeg    . . .      Spirit   .    d - +0 robe
rPois   +          Reflect  .    (helmet restricted)
rElec   .          Harm     .    (no cloak)
rCorr   .          Rampage  .    (no gloves)
Will    .....                    (boots unavailable)
Stlth   ++........               (no amulet)
HPRegen 0.08/turn                (no ring)
MPRegen 0.11/turn                (no ring)

@: no status effects
A: beak, talons 3
a: no special abilities


You were on level 2 of the Dungeon.
You visited 1 branch of the dungeon, and saw 2 of its levels.

You collected 63 gold pieces.

Inventory:

Hand Weapons
 a - the +7 falchion of Dainn (weapon) {protect, rPois}
   (You found it on level 2 of the Dungeon)

   It grants its wielder temporary protection when it strikes (+7 to AC).
   rPois:     It protects you from poison.
 o - a +0 dagger
Missiles
 g - 5 poisoned darts
Armour
 d - a +0 robe (worn)
Scrolls
 c - a scroll of enchant armour {unknown}
 j - a scroll of vulnerability {unknown}
 p - a scroll of identify {unknown}
 s - a scroll of teleportation {unknown}
Potions
 b - a potion of magic
 e - a potion of ambrosia {unknown}
 f - a potion of degeneration {unknown}
 h - a potion of resistance {unknown}
 i - a potion of cancellation {unknown}
 k - a potion of heal wounds {unknown}
 l - a potion of brilliance {unknown}
 m - a potion of berserk rage {unknown}
 n - a potion of haste {unknown}
 q - a potion of flight {unknown}
 r - a potion of curing {unknown}


   Skills:
 - Level 2.1 Dodging
 - Level 2.0 Stealth
 + Level 2.2 Spellcasting
 + Level 3.7 Conjurations
 + Level 5.4 Air Magic


You had 2 spell levels left.
You knew the following spells:

 Your Spells              Type           Power      Damage    Failure   Level
a - Shock                 Conj/Air       68%        1d7       3%          1
b - Searing Ray           Conj           28%        2d5       6%          2
s - Static Discharge      Conj/Air       34%        3-6/arc   4%          2

Your spell library contained the following spells:

 Spells                   Type           Power      Damage    Failure   Level
 Magic Dart               Conj           56%        1d5       4%          1
 Call Imp                 Summ           1%         N/A       28%         2
 Swiftness                Air            20%        N/A       6%          3
 Mephitic Cloud           Conj/Pois/Air  12%        N/A       16%         3
 Airstrike                Air            10%        2d(2-18)  21%         4
 Conjure Flame            Conj/Fire      8%         6-21      26%         3
 Ignite Poison            Fire/Tmut/Pois 1%         N/A       50%         3
 Fulminant Prism          Conj/Hex       4%         3d6       65%         4
 Sticky Flame             Conj/Fire      8%         2d3       65%         4


Dungeon Overview and Level Annotations

Branches:
Dungeon (2/15)

Altars:

Annotations:
D:2 Crazy Yiuf


Innate Abilities, Weirdness & Mutations

You have a beak for a mouth.
You have claws for feet.


Message History

Casting: Searing Ray (safe; 6% risk of failure)
Confirm with . or Enter, or press ? or * to list all spells.
Aiming: Shock (safe; 3% risk of failure)
Press: ? - help, Shift-Dir - straight line
Okay, then.
Unknown command.
Casting: Shock (safe; 3% risk of failure)
Confirm with . or Enter, or press ? or * to list all spells.
Aiming: Searing Ray (safe; 6% risk of failure)
Press: ? - help, Shift-Dir - straight line, f - quokka
Aim: a quokka (67% to hit)
The searing ray hits the quokka!
You kill the quokka! (Press . to maintain the ray.) Unknown command.
You start resting.
Magic restored.
s - a scroll labelled RAINUPP TOLE You open the door.
There is an open door here.
You open the door.
There is an open door here.
You open the door.
Casting: Searing Ray (safe; 6% risk of failure)
Confirm with . or Enter, or press ? or * to list all spells.
Aiming: Searing Ray (safe; 6% risk of failure)
Press: ? - help, Shift-Dir - straight line, f - Crazy Yiuf
Aim: Crazy Yiuf, wielding a +4 quarterstaff of chaos, wearing a +1 cloak of preservation and carrying a wand of flame (9) (79% to hit)
The searing ray hits Crazy Yiuf!
Crazy Yiuf is heavily wounded. (Press . to maintain the ray.) Crazy Yiuf hits you with a +4 quarterstaff of chaos!!
Ouch! That really hurt!
* * * LOW HITPOINT WARNING * * *
Crazy Yiuf burns you.
* * * LOW HITPOINT WARNING * * *
The searing ray hits Crazy Yiuf.
Crazy Yiuf is heavily wounded.
Crazy Yiuf zaps a wand.
The puff of flame hits you!
You die...

#.####### ##...# ###
##..... ##......
##### #####.......
#..)# #...'.....<.
#...# #####.....<.
... ##...... #g#
##..[.. ##@# ##...#
#.## #########'##
##.# #......##.##
#.## ######.##.##
##.## #.##.## #...##
#####.#...# #....#
#.......... ##..##
#.###.#...#
#....#####.###.##.##


You could see Crazy Yiuf.

Vanquished Creatures
  2 adders (D:2)
  2 dart slugs (D:2)
  8 ball pythons
  5 endoplasms
  4 giant cockroaches
  2 goblins
  6 hobgoblins
  3 quokkas
  A frilled lizard (D:2)
  3 kobolds (D:1)
  23 rats
59 creatures vanquished.

Notes
Turn   | Place    | Note
-------+----------+-------------------------------------------
     0 | D:1      | porpoise the Tengu Air Elementalist began the quest for the
                  | Orb.
     0 | D:1      | Reached XP level 1. HP: 10/10 MP: 4/4
   235 | D:1      | Reached XP level 2. HP: 15/15 MP: 1/6
   797 | D:1      | Learned a level 2 spell: Static Discharge
  1031 | D:1      | Reached XP level 3. HP: 19/19 MP: 4/7
  1591 | D:2      | Reached skill level 5 in Air Magic
  1628 | D:2      | Found a runed translucent door.
  1629 | D:2      | Noticed Crazy Yiuf
  1781 | D:2      | Learned a level 2 spell: Searing Ray
  2029 | D:2      | Reached XP level 4. HP: 23/24 MP: 8/8
  2061 | D:2      | Found a faded altar of an unknown god.
  2069 | D:2      | Identified the +7 falchion of Dainn {protect, rPois}
  2699 | D:2      | Killed from afar by Crazy Yiuf

Illustrated notes

Levels and vault maps discovered:
D:1:      wheals_arrival_linesprint, layout_basic
D:2:      layout_loops_corners, hellmonk_ecumenical_altar_lost_god,
          minmay_rat_hole, uniq_crazy_yiuf_cottage

Skill      XL: |  1  2  3 |
---------------+----------+-----
Conjurations   | 2 3 |  3.7
Air Magic      | 5 |  5.4
Dodging        | |  2.1
Stealth        | |  2.0
Spellcasting   | |  2.2

Action                   |  1- 3 |  4- 6 || total
-------------------------+-------+-------++-------
Melee: Dagger            |    16 |       ||    16
       Kick              |     5 |       ||     5
       Peck              |     1 |       ||     1
 Cast: Shock             |    43 |     2 ||    45
       Searing Ray       |     2 |     9 ||    11
       Static Discharge  |     1 |       ||     1
 Stab: Sleeping          |     1 |       ||     1
Armor: Robe              |     3 |       ||     3
Dodge: Dodged            |    12 |     1 ||    13

Table legend: (Time is in decaauts)
 A = Elapsed time spent in this place.
 B = Non-inter-level travel time spent in this place.
 C = Inter-level travel time spent in this place.
 D = Time resting spent in this place.
 E = Time spent auto-exploring this place.
 F = Levels seen in this place.
 G = Mean time per level.
                   A        B        C        D        E       F      G
               +--------+--------+--------+--------+--------+-----+--------+
         Total |   2697 |   2639 |     58 |    700 |   1667 |   2 | 1348.5 |
       Dungeon |   2697 |   2639 |     58 |    700 |   1667 |   2 | 1348.5 |
               +--------+--------+--------+--------+--------+-----+--------+

Top non-repeatable levels by time:
     D:2: 1373 daAuts
     D:1: 1324 daAuts
